 Dungeon Crawl Stone Soup version 0.20.0-8-g6b59dc7 (webtiles) character file.

990 Jumperg the Destroyer (level 8, -17/41 HPs)
             Began as a Tengu Conjurer on June 1, 2017.
             Splashed by Pikel's acid (20 damage)
             ... on level 5 of the Dungeon on June 2, 2017.
             The game lasted 01:20:30 (5534 turns).

Jumperg the Destroyer (Tengu Conjurer)              Turns: 5534, Time: 01:20:30

Health: -17/41     AC:  3    Str:  8    XL:     8   Next: 18%
Magic:  8/17       EV: 13    Int: 19    God:
Gold:   217        SH:  0    Dex: 14    Spells: 4/18 levels left

rFire    . . .     SeeInvis +   E - staff of poison
rCold    . . .     Gourm    .   (no shield)
rNeg     . . .     Faith    .   a - +0 robe
rPois    +         Spirit   .   (helmet restricted)
rElec    .         Reflect  .   (no cloak)
rCorr    .         Harm     .   t - +0 pair of gloves
MR       .....                  (boots unavailable)
Stlth    +++.......             (no amulet)
Regen    0.2/turn               m - ring of wizardry
MPRegen  0.2/turn               y - ring of see invisible

@: starving
A: beak, talons 3, able to fly 1
a: Fly


You were on level 5 of the Dungeon.
You were starving.

You visited 1 branch of the dungeon, and saw 5 of its levels.

You collected 217 gold pieces.

Inventory:

Hand Weapons
 j - a +0 dagger
 v - a +3 dagger of holy wrath
 x - a +0 dagger of draining
Missiles
 e - 96 stones (quivered)
 r - 9 poisoned needles
 s - 2 tomahawks
Armour
 a - a +0 robe (worn)
 t - a +0 pair of gloves (worn)
 w - a +2 leather armour of poison resistance
Magical Staves
 E - an uncursed staff of poison (weapon)
Jewellery
 m - a ring of wizardry (left hand)
 y - a ring of see invisible (right hand)
Wands
 u - a wand of polymorph (0/24)
Scrolls
 l - 4 scrolls of remove curse
 o - a scroll of enchant armour {unknown}
 p - a scroll of teleportation {unknown}
 D - a scroll of immolation {unknown}
Potions
 c - a potion of brilliance {unknown}
 f - a potion of mutation {unknown}
 h - 3 potions of might
 i - 2 potions of heal wounds {unknown}
 n - 4 potions of curing
 q - a potion of agility {unknown}
 A - a potion of cancellation {unknown}
 C - a potion of flight {unknown}
Books
 b - a book of Conjurations

   Spells                             Type                      Level
   a - Magic Dart                     Conjuration                  1
   b - Searing Ray                    Conjuration                  2
   c - Dazzling Spray                 Conjuration/Hexes            3
   d - Fulminant Prism                Conjuration/Hexes            4
   e - Force Lance                    Conjuration/Translocation    4
   f - Iskenderun's Mystic Blast      Conjuration                  4
Comestibles
 d - 2 meat rations
 g - 3 fruits
 z - 4 bread rations


   Skills:
 - Level 3.2 Dodging
 - Level 3.9 Stealth
 * Level 5.9 Spellcasting
 + Level 8.0 Conjurations
 + Level 2.1 Hexes


You had 4 spell levels left.
You knew the following spells:

 Your Spells              Type           Power        Failure   Level  Hunger
a - Magic Dart            Conj           ####         1%          1    None
b - Searing Ray           Conj           #####.       1%          2    None
c - Iskenderun's Mystic   Conj           #####...     1%          4    ####...
d - Fulminant Prism       Conj/Hex       ###.......   6%          4    ####...
e - Dazzling Spray        Conj/Hex       ###...       1%          3    ##.....


Dungeon Overview and Level Annotations

Branches:
Dungeon (5/15)
 Temple: D:4-7

Altars:
Ashenzari
Kikubaaqudgha
Beogh

Shops:
D:4 (

Annotations:
D:4 Fv001's ghost, amateur GrFi
D:5 Pikel


Innate Abilities, Weirdness & Mutations

You have a beak for a mouth.
You have claws for feet.
You can fly.


Message History

You hear an explosion!
The blast of energy engulfs Pikel.
Pikel is heavily wounded.
You see here 17 bolts.
The slave misses you.
Casting: Fulminant Prism
Confirm with . or Enter, or press ? or * to list all spells.
Aiming: Fulminant Prism
Press: ? - help, Dir - move target cursor You conjure a prism of explosive energy!
You are starving!
Pikel zaps a wand.
The bolt of acid hits your fulminant prism.
Your fulminant prism is splashed with acid.
The acid corrodes your fulminant prism!
Your fulminant prism detonates feebly.
The bolt of acid hits you!
* * * LOW HITPOINT WARNING * * *
You are splashed with acid!
The acid burns!
You die...

.# ##.........# #.# .#
#.........## #.# ## ##..>....####
#.####### ######..........#
#.....K.#### ................#
###..####.....
.#####.##.#####.####.......######
.# #.##.# #.........##.# .#
#.##.# #.####.##.##.# .# #.##.#
#.@..Kp...##.# .# #....#
######.#####.# .# ######
#.#####(# .# #.......# ##
#########


You could see Pikel and a slave.

Vanquished Creatures
  An ice beast (D:5)
  2 ogres (D:4)
  A centaur (D:5)
  A bullfrog (D:3)
  The ghost of Darkell the Firebug, a weakling DEFE (D:3)
  A hound (D:4)
  3 orc priests
  An orc wizard (D:3)
  Ijyb (D:3)
  Natasha (thrice) (D:4)
  4 worker ants
  Robin (D:2)
  7 adders
  2 oozes
  2 worms (D:2)
  4 dart slugs
  4 leopard geckos
  18 orcs
  7 bats
  4 giant cockroaches
  10 goblins
  7 hobgoblins
  5 jackals
  2 quokkas
  3 ball pythons
  6 frilled lizards
  4 kobolds
  2 leopard gecko skeletons (D:4)
  7 rats
114 creatures vanquished.

Vanquished Creatures (others)
  A human (D:2)
  8 fulminant prisms
9 creatures vanquished.

Grand Total: 123 creatures vanquished

Notes
Turn   | Place    | Note
-------+----------+-------------------------------------------
     0 | D:1      | Jumperg the Tengu Conjurer began the quest for the Orb.
     0 | D:1      | Reached XP level 1. HP: 10/10 MP: 4/4
     6 | D:1      | Noticed a black bear
     6 | D:1      | Noticed a hound
     6 | D:1      | Noticed a komodo dragon
     7 | D:1      | Noticed a five-headed hydra
   283 | D:1      | Reached XP level 2. HP: 15/15 MP: 3/6
   376 | D:1      | Learned a level 2 spell: Searing Ray
   685 | D:2      | Reached XP level 3. HP: 14/19 MP: 3/7
  1357 | D:2      | Reached XP level 4. HP: 24/24 MP: 5/9
  1365 | D:2      | Found an ancient bone altar of Kikubaaqudgha.
  1365 | D:2      | Noticed a human
  1370 | D:2      | Killed a human
  1417 | D:2      | Noticed Robin
  1579 | D:2      | Killed Robin
  1579 | D:2      | Reached skill level 6 in Conjurations
  2146 | D:3      | Gained mutation: You can fly. [Tengu growth]
  2146 | D:3      | Reached XP level 5. HP: 28/28 MP: 6/10
  2490 | D:3      | Found a roughly hewn altar of Beogh.
  2546 | D:3      | Learned a level 4 spell: Iskenderun's Mystic Blast
  2631 | D:3      | Noticed Ijyb
  2683 | D:3      | Killed Ijyb
  2750 | D:3      | Reached XP level 6. HP: 32/32 MP: 6/12
  2772 | D:3      | Noticed Darkell's ghost (weakling DEFE)
  2992 | D:3      | Killed Darkell's ghost
  3299 | D:3      | Found a faded altar of an unknown god.
  3379 | D:3      | Reached skill level 7 in Conjurations
  3411 | D:3      | Learned a level 4 spell: Fulminant Prism
  3820 | D:4      | Found a shattered altar of Ashenzari.
  3988 | D:4      | Noticed Natasha
  3997 | D:4      | Killed Natasha
  3997 | D:4      | Reached XP level 7. HP: 36/36 MP: 10/14
  4066 | D:4      | Learned a level 3 spell: Dazzling Spray
  4083 | D:4      | Noticed Fv001's ghost (amateur GrFi)
  4207 | D:4      | Noticed Natasha
  4211 | D:4      | Killed Natasha
  4214 | D:4      | Noticed Natasha
  4220 | D:4      | Killed Natasha
  4220 | D:4      | Reached skill level 1 in Hexes
  4531 | D:4      | Reached skill level 5 in Spellcasting
  4651 | D:4      | Found Puyxilut's Weapon Emporium.
  4806 | D:5      | Entered Level 5 of the Dungeon
  4994 | D:5      | Reached XP level 8. HP: 17/41 MP: 2/17
  5350 | D:5      | Reached skill level 8 in Conjurations
  5477 | D:5      | Noticed Pikel
  5534 | D:5      | Splashed by Pikel's acid

Skill      XL: |  1  2  3  4  5  6  7  8 |
---------------+-------------------------+-----
Spellcasting   | 3 4 5 |  5.9
Conjurations   | 6 7 8 |  8.0
Dodging        | 3 |  3.2
Stealth        | 3 |  3.9
Hexes          | 1 2 |  2.1

Action                   |  1- 3 |  4- 6 |  7- 9 || total
-------------------------+-------+-------+-------++-------
Melee: Dagger            |    20 |    53 |    11 ||    84
       Peck              |     2 |     5 |     1 ||     8
       Kick              |     4 |     9 |     3 ||    16
       Unarmed           |       |     8 |       ||     8
Throw: Stone             |    10 |    31 |       ||    41
 Cast: Magic Dart        |    35 |    78 |    28 ||   141
       Searing Ray       |     4 |    14 |     4 ||    22
       Iskenderun's Myst |       |     5 |     8 ||    13
       Fulminant Prism   |       |     1 |     7 ||     8
       Dazzling Spray    |       |       |     2 ||     2
 Abil: Fly               |       |       |     2 ||     2
Evoke: Wand              |       |     1 |       ||     1
  Use: Scroll            |       |       |     3 ||     3
 Stab: Confused          |       |     2 |       ||     2
  Eat: Chunk             |     2 |     6 |     5 ||    13
       Bread ration      |       |     1 |       ||     1
Armor: Robe              |     9 |    23 |     4 ||    36
Dodge: Dodged            |    11 |    61 |    12 ||    84
